 Dungeon Crawl Stone Soup version 0.28-a0-500-g121bc3e445 (webtiles) character file.

Game seed: 8923134819780950307

55 Shayle the Skirmisher (level 3, 0/39 HPs)
             Began as an Ogre Warper on Sept 20, 2021.
             Slain by Ijyb (2 damage)
             ... on level 3 of the Dungeon.
             The game lasted 00:04:58 (2847 turns).

Shayle the Skirmisher (Ogre Warper)                 Turns: 2847, Time: 00:04:58

Health: 0/39       AC:  3    Str: 13 (15) XL:     3   Next: 93%
Magic:  6/6        EV:  9    Int: 12 (15) God:
Gold:   163        SH:  0    Dex:  7 (8)  Spells: 6/6 levels left

rFire   . . .      SeeInvis .   a - +0 spear
rCold   . . .      Faith    .   (no shield)
rNeg    . . .      Spirit   .   b - +0 robe
rPois   .          Reflect  .   (helmet restricted)
rElec   .          Harm     .   (no cloak)
rCorr   .          Rampage  .   (gloves unavailable)
Will    .....                   (boots unavailable)
Stlth   +.........              (no amulet)
HPRegen 0.13/turn               (no ring)
MPRegen 0.10/turn               (no ring)

@: no status effects
A: large, unfitting armour, tough skin 1
a: no special abilities


You were on level 3 of the Dungeon.
You visited 1 branch of the dungeon, and saw 3 of its levels.

You collected 163 gold pieces.

Inventory:

Hand Weapons
 a - a +0 spear (weapon)
Armour
 b - a +0 robe (worn)
Jewellery
 i - a ring of magical power
Scrolls
 c - a scroll of blinking
 e - 2 scrolls of identify {unknown}
 h - a scroll of amnesia {unknown}
 k - a scroll of summoning {unknown}
Potions
 g - a potion of degeneration
 j - a potion of attraction


   Skills:
 + Level 4.2 Fighting
 + Level 3.2 Polearms
 - Level 1.0 Throwing
 - Level 2.1 Dodging
 - Level 2.4 Spellcasting
 - Level 2.6 Translocations


You had 6 spell levels left.
You didn't know any spells.
Your spell library contained the following spells:

 Spells                   Type           Power      Damage    Failure   Level
 Blink                    Tloc           N/A        N/A       13%         2
 Gell's Gravitas          Tloc           3%         N/A       26%         3
 Lesser Beckoning         Tloc           7%         N/A       26%         3
 Teleport Other           Tloc           7%         N/A       26%         3
 Manifold Assault         Tloc           7%         N/A       94%         5


Dungeon Overview and Level Annotations

Branches:
Dungeon (3/15)

Altars:
Dithmenos

Annotations:
D:3 Ijyb


Innate Abilities, Weirdness & Mutations

You are too large for most types of armour.
You have tough skin. (AC +1)


Message History

Ijyb hits you but does no damage.
You closely miss Ijyb.
Ijyb zaps a wand.
The puff of flame hits you.
You hit Ijyb.
Ijyb is lightly wounded.
Ijyb hits you with a +0 club.
You hit Ijyb.
Ijyb is lightly wounded.
Ijyb hits you with a +0 club!
You hit Ijyb but do no damage.
Ijyb is lightly wounded.
Ijyb zaps a wand.
The puff of flame misses you.
You hit Ijyb.
Ijyb is moderately wounded.
Ijyb zaps a wand.
The puff of flame hits you!
* * * LOW HITPOINT WARNING * * *
You closely miss Ijyb.
Ijyb is moderately wounded.
You barely miss Ijyb.
Ijyb is moderately wounded.
Ijyb barely misses you.
You hit Ijyb but do no damage.
Ijyb is moderately wounded.
Ijyb zaps a wand.
The puff of flame hits you.
* * * LOW HITPOINT WARNING * * *
Okay, then.
Throw: 2 boomerangs (disperse)
Press: ? - help, Q - select action Shift-Dir - straight line, f - Ijyb
Aim: Ijyb, wielding a +0 club, wearing a +0 leather armour and carrying a wand of flame (12) (moderately wounded, 45% to hit)
You throw a boomerang of dispersal. The boomerang of dispersal hits Ijyb.
Ijyb blinks!
Ijyb is moderately wounded.
Throw: boomerang (disperse)
Press: ? - help, Q - select action Shift-Dir - straight line, f/p - Ijyb
Aim: Ijyb, wielding a +0 club, wearing a +0 leather armour and carrying a wand of flame (12) (moderately wounded, 45% to hit)
You throw a boomerang of dispersal.
The boomerang of dispersal closely misses Ijyb.
Ijyb zaps a wand.
The puff of flame misses you.
Unknown command.
Ijyb hits you with a +0 club.
You die...

# ### .. #.. .. #.#
.# ###### #.##.#...
#....# #....S...
#.##.## #.# #...
#.#g#รท#####.##..!..
#.@###S...g.......#
#.#.#.###...####...
##.##.## #...#
#<.#### ....... #.##
#.##.##..# #.# #..
.#. ..# #.# #.. #.
.# .# #.. ... #. .#
.# #..


You could see Ijyb.

Vanquished Creatures
  An adder (D:3)
  2 dart slugs
  2 ball pythons (D:1)
  2 bats
  4 endoplasms (D:1)
  4 goblins
  8 hobgoblins
  4 jackals (D:3)
  A frilled lizard (D:1)
  2 kobolds (D:1)
  7 rats
37 creatures vanquished.

Notes
Turn   | Place    | Note
-------+----------+-------------------------------------------
     0 | D:1      | Shayle the Ogre Warper began the quest for the Orb.
     0 | D:1      | Reached XP level 1. HP: 22/22 MP: 3/3
   143 | D:1      | Reached skill level 3 in Fighting
   227 | D:1      | Reached XP level 2. HP: 30/31 MP: 5/5
   920 | D:1      | Reached XP level 3. HP: 33/39 MP: 6/6
  2007 | D:2      | Found a faded altar of an unknown god.
  2085 | D:2      | Found a shadowy altar of Dithmenos.
  2225 | D:3      | Reached skill level 4 in Fighting
  2233 | D:3      | Noticed Ijyb
  2844 | D:3      | HP: 1/39 [Ijyb/puff of flame (6)]
  2847 | D:3      | Slain by Ijyb

Illustrated notes

Levels and vault maps discovered:
D:1:      psy_arrival_heroes, layout_loops_ring, roderic_serpentine_path,
          minmay_pentomino_z2
D:2:      layout_basic, ebering_ecumenical_altar_petrified, basic_altar
D:3:      layout_loops_cross, minmay_distorted, uniq_jessica, uniq_ijyb

Skill      XL: |  1  2  3 |
---------------+----------+-----
Fighting       | 3 4 |  4.2
Polearms       | 3 |  3.2
Throwing       | |  1.0
Dodging        | |  2.1
Spellcasting   | |  2.4
Translocations | |  2.6

Action                   || total
-------------------------++-------
Melee: Spear             ||   157
Throw: Boomerang         ||     5
  Use: Potion            ||     3
 Stab: Sleeping          ||     2
Armor: Robe              ||    39
Dodge: Dodged            ||    53

Table legend: (Time is in decaauts)
 A = Elapsed time spent in this place.
 B = Non-inter-level travel time spent in this place.
 C = Inter-level travel time spent in this place.
 D = Time resting spent in this place.
 E = Time spent auto-exploring this place.
 F = Levels seen in this place.
 G = Mean time per level.
                   A        B        C        D        E       F      G
               +--------+--------+--------+--------+--------+-----+--------+
         Total |   2846 |   2804 |     42 |    410 |   1997 |   3 |  948.7 |
       Dungeon |   2846 |   2804 |     42 |    410 |   1997 |   3 |  948.7 |
               +--------+--------+--------+--------+--------+-----+--------+

Top non-repeatable levels by time:
     D:1: 1530 daAuts
     D:2: 1097 daAuts
     D:3: 218 daAuts
